 Dungeon Crawl Stone Soup version 0.31.0-32-g396128a36d (webtiles) character file.

Game seed: 5412401844192762808

35 DemonSlayer the Digger (level 3, -1/24 HPs)
             Began as a Demonspawn Earth Elementalist on Apr 25, 2024.
             Slain by a jackal (2 damage)
             ... on level 2 of the Dungeon.
             The game lasted 00:02:24 (1397 turns).

DemonSlayer the Digger (DsEE)                       Turns: 1397, Time: 00:02:24

Health: -1/24      AC:  0    Str:  8    XL:     3   Next: 17%
Magic:  1/6        EV: 12    Int: 15    God:
Gold:   81         SH:  0    Dex: 15    Spells: 2/6 levels left

rFire   . . .        e - +2 hand axe (elec)
rCold   . . .        (no shield)
rNeg    . . .        (no body armour)
rPois   .            (helmet restricted)
rElec   .            (no cloak)
rCorr   .            (no gloves)
SInv    .            (no boots)
Will    .....        (no amulet)
Stlth   ++           (no ring)
HPRegen 0.24/turn    (no ring)
MPRegen 0.10/turn

%: no passive effects
@: hasted, very quick
A: antennae 1
a: no special abilities


You were on level 2 of the Dungeon.
You visited 1 branch of the dungeon, and saw 2 of its levels.

You collected 81 gold pieces.

Inventory:

Hand Weapons
 e - a +2 hand axe of electrocution (weapon)
Armour
 d - a +2 robe of willpower
Scrolls
 a - 2 scrolls of vulnerability {unknown}
 b - 2 scrolls of teleportation {unknown}
 f - a scroll of immolation {unknown}
 h - a scroll of fog {unknown}
 i - a scroll of brand weapon {unknown}
 o - a scroll of identify {unknown}
Potions
 c - a potion of attraction {unknown}
 g - a potion of cancellation {unknown}
 j - a potion of degeneration {unknown}
 k - a potion of lignification {unknown}
 l - a potion of haste
 m - a potion of curing {unknown}
 n - a potion of mutation {unknown}


   Skills:
 + Level 0.1 Axes
 + Level 2.0 Dodging
 + Level 2.4 Stealth
 + Level 2.3 Spellcasting
 + Level 1.0 Conjurations
 + Level 3.1 Earth Magic


You had 2 spell levels left.
You knew the following spells:

 Your Spells              Type           Power      Damage    Failure   Level
a - Sandblast             Erth           22%        2d7       6%          1
b - Stone Arrow           Conj/Erth      16%        3d8       26%         3

Your spell library contained the following spells:

 Spells                   Type           Power      Damage    Failure   Level
 Freeze                   Ice            4%         1d3       22%         1
 Call Imp                 Summ           2%         N/A       32%         2
 Sublimation of Blood     Necr           1%         N/A       32%         2
 Passwall                 Erth           11%        N/A       17%         3
 Hailstorm                Conj/Ice       3%         3d5       45%         3
 Frozen Ramparts          Ice            2%         1d1       54%         3
 Brom's Barrelling Bould  Conj/Erth      8%         2d3       65%         4
 Petrify                  Alch/Erth      6%         N/A       73%         4
 Summon Hydra             Summ           0%         N/A       100%        7


Dungeon Overview and Level Annotations

Branches:
Dungeon (2/15)

Altars:


Innate Abilities, Weirdness & Mutations

You have a pair of small antennae on your head.


Message History

Nothing appears to happen.
The jackal barely misses you. The jackal bites you.
You are too injured to fight recklessly!
You are too injured to fight recklessly!
The jackal attacks as it pursues you! The jackal bites you.
Casting: Sandblast (safe; 6% risk of failure)
Confirm with . or Enter, or press ? or * to list all spells.
Aiming: Sandblast (safe; 6% risk of failure)
Press: ? - help, Shift-Dir - straight line, f/p - jackal
Aim: a jackal (77% to hit)
The blast of sand misses the jackal. x2; The jackal barely misses you.
The jackal bites you.
* * * LOW HITPOINT WARNING * * *
The jackal closely misses you.
Unknown command.
Casting: Sandblast (safe; 6% risk of failure)
Confirm with . or Enter, or press ? or * to list all spells.
Aiming: Sandblast (safe; 6% risk of failure)
Press: ? - help, Shift-Dir - straight line, f/p - jackal
Aim: a jackal (77% to hit)
The blast of sand hits the jackal but does no damage.
The jackal bites you.
* * * LOW HITPOINT WARNING * * *
The jackal bites you.
* * * LOW HITPOINT WARNING * * *
The jackal closely misses you. The jackal barely misses you.
The jackal closely misses you.
Unknown command.
You hit the jackal but do no damage. You barely miss the jackal.
The jackal barely misses you. x2
It was a potion of haste.
You feel yourself speed up. The jackal bites you.
* * * LOW HITPOINT WARNING * * *
The jackal completely misses you. The jackal bites you.
* * * LOW HITPOINT WARNING * * *
The jackal closely misses you.
Your magical contamination has completely faded away.
Okay, then.
You closely miss the jackal. You hit the jackal. The jackal bites you.
* * * LOW HITPOINT WARNING * * *
The jackal bites you.
You die...

####...# #.#.
#......# #.#.
#......# ###.#.
#......# #...'.
#......#####
#.#.#.
#......#...#
#.#.#.
#......#...#
#.#.##
#.....h#...#...
#.....
#####.@h.......
#####.
####...#+##
####. .......
#.... .......
#.... .......
#.... .......
#.... .......
#.... ....$..
+.... #....


You could see 2 jackals.

Vanquished Creatures
  A bat (D:2)
  8 endoplasms
  3 goblins (D:1)
  2 hobgoblins (D:2)
  5 jackals
  A quokka (D:2)
  3 ball pythons
  A frilled lizard (D:2)
  2 kobolds
  3 rats
29 creatures vanquished.

Notes
Turn   | Place    | Note
-------+----------+-------------------------------------------
     0 | D:1      | DemonSlayer the Demonspawn Earth Elementalist began the
                  | quest for the Orb.
     0 | D:1      | Reached XP level 1. HP: 13/13 MP: 3/3
   253 | D:1      | Gained mutation: You have a pair of small antennae on your
                  | head. [demonic ancestry]
   253 | D:1      | Reached XP level 2. HP: 19/19 MP: 1/5
   645 | D:1      | Reached skill level 3 in Earth Magic
  1179 | D:2      | Reached XP level 3. HP: 24/24 MP: 6/6
  1183 | D:2      | Learned a level 3 spell: Stone Arrow
  1397 | D:2      | HP: 1/24 [jackal (2)]
  1397 | D:2      | Slain by a jackal

Illustrated notes

Levels and vault maps discovered:
D:1:      minmay_arrival_open_corners, layout_rooms
D:2:      layout_basic, serial_bayou_crossing

Skill      XL: |  1  2 |
---------------+-------+-----
Stealth        | 2 |  2.4
Earth Magic    | 3 |  3.1
Dodging        | 2 |  2.0
Axes           | |  0.1
Spellcasting   | |  2.3
Conjurations   | |  1.0

Action                     || total
---------------------------++-------
  Melee: Unarmed           ||     2
         Hand axe          ||    16
   Cast: Sandblast         ||    32
    Use: Potion            ||     2
   Stab: Sleeping          ||     2
 Armour: Skin              ||    33
  Dodge: Dodged            ||    32
